General information
- name: BNet
- type: Ladder team game (AT/RT)
- host: Battle.net
- saver: TOWER-IDIOT
map: Deadlands
- players: 8
- length: 26:26
- speed: Fast
- version: 1.26 W3XP
- replay type: Public
» download(172 KB)
Players
team 1 (winner)
PayWith_URsweat (
pink | 54 APM | 1428 actions | 26:25)
6 Archmage
2 Summon Water Elemental
3 Brilliance Aura
1 Mass Teleport
5 Mountain King
1 Storm Bolt
2 Bash
2 Thunder Clap
4 Dreadlord
2 Vampiric Aura
2 Sleep
3 Priestess of the Moon
2 Trueshot Aura
1 Searing Arrows
3 Demon Hunter
1 Evasion
1 Metamorphosis
1 Immolation
2 Death Knight
1 Unholy Aura
1 Animate Dead
» actions
| Assign group hotkey | 31 | |
| Basic commands | 141 | |
| Build / train | 126 | |
| Enter build submenu | 35 | |
| Enter hero's abilities submenu | 23 | |
| Give item / drop item | 2 | |
| Right click | 358 | |
| Select / deselect | 491 | |
| Select group hotkey | 107 | |
| Use ability | 114 | |
1428 total
» units
| Peasant | 23 | |
| Footman | 5 | |
| Priest | 3 | |
| Sorceress | 3 | |
| Rifleman | 2 | |
| Spell Breaker | 6 | |
| Siege Engine | 4 | |
| Flying Machine | 11 | |
| Faerie Dragon | 7 | |
| Frost Wyrm | 11 | |
75 total
» upgrades
| Masonry | 3 | |
| Lumber Harvesting | 2 | |
| Priest Training | 1 | |
| Sorceress Training | 1 | |
| Gunpowder | 3 | |
| Barrage | 1 | |
| Control Magic | 1 | |
| Plating | 2 | |
| Flak Cannons | 1 | |
15 total
» buildings
| Altar of Kings | 1 | |
| Barracks | 1 | |
| Farm | 15 | |
| Keep | 1 | |
| Lumber Mill | 1 | |
| Arcane Vault | 2 | |
| Town Hall | 1 | |
| Arcane Sanctum | 2 | |
| Castle | 1 | |
| Blacksmith | 1 | |
| Workshop | 2 | |
| Boneyard | 1 | |
| Ziggurat | 1 | |
| Tree of Life | 1 | |
| Ancient Protector | 2 | |
33 total
» build order
00:09 Altar of Kings
00:18 Barracks
00:20 Farm
01:01 Farm
01:58 Farm
03:46 Keep
04:05 Lumber Mill
04:09 Arcane Vault
05:18 Town Hall
06:10 Arcane Sanctum
06:12 Arcane Sanctum
06:58 Farm
07:43 Farm
08:18 Farm
08:50 Castle
08:54 Blacksmith
09:44 Farm
10:44 Workshop
10:47 Workshop
10:50 Farm
11:01 Arcane Vault
12:10 Farm
13:10 Farm
13:16 Farm
19:47 Boneyard
20:19 Ziggurat
21:04 Tree of Life
21:13 Farm
21:15 Farm
22:47 Farm
22:48 Farm
23:07 Ancient Protector
26:09 Ancient Protector
» items
| Scroll of Town Portal | 3 | |
| Lesser Clarity Potion | 1 | |
| Potion of Healing | 1 | |
| Staff of Sanctuary | 1 | |
| Potion of Mana | 1 | |
7 total

»
DJtest1 (
teal | 43 APM | 722 actions | 16:55)
4 Demon Hunter
2 Immolation
2 Evasion
2 Priestess of the Moon
1 Trueshot Aura
1 Scout
» actions
| Assign group hotkey | 10 | |
| Basic commands | 59 | |
| Build / train | 71 | |
| Enter build submenu | 16 | |
| Enter hero's abilities submenu | 6 | |
| Give item / drop item | 4 | |
| Right click | 117 | |
| Select / deselect | 219 | |
| Select group hotkey | 171 | |
| Use ability | 49 | |
722 total
» units
| Wisp | 20 | |
| Archer | 8 | |
| Hippogryph | 10 | |
| Chimaera | 3 | |
41 total
» upgrades
| Strength of the Moon | 2 | |
| Strength of the Wild | 3 | |
| Moon Armor | 1 | |
| Nature's Blessing | 1 | |
| Improved Bows | 1 | |
| Hippogryph Taming | 1 | |
| Reinforced Hides | 2 | |
| Corrosive Breath | 1 | |
12 total
» buildings
| Moon Well | 6 | |
| Altar of Elders | 1 | |
| Ancient of War | 1 | |
| Ancient of Wonders | 1 | |
| Hunter's Hall | 1 | |
| Tree of Ages | 1 | |
| Tree of Life | 1 | |
| Ancient of Wind | 2 | |
| Tree of Eternity | 1 | |
| Chimaera Roost | 2 | |
17 total
» build order
00:35 Moon Well
00:43 Altar of Elders
00:48 Ancient of War
01:27 Moon Well
02:05 Ancient of Wonders
02:34 Hunter's Hall
03:10 Moon Well
04:00 Tree of Ages
04:40 Tree of Life
07:16 Ancient of Wind
08:08 Moon Well
09:15 Ancient of Wind
09:47 Tree of Eternity
11:37 Moon Well
11:58 Moon Well
12:24 Chimaera Roost
12:29 Chimaera Roost
» items
| Lesser Clarity Potion | 2 | |
| Orb of Venom | 1 | |
| Potion of Healing | 1 | |
| Potion of Mana | 1 | |
| Scroll of Healing | 1 | |
| Scroll of Protection | 1 | |
| Scroll of Town Portal | 1 | |
8 total
Noobytoe (
blue | 49 APM | 870 actions | 17:37)
5 Death Knight
3 Death Coil
2 Unholy Aura
» actions
| Assign group hotkey | 26 | |
| Basic commands | 13 | |
| Build / train | 41 | |
| Enter build submenu | 17 | |
| Enter hero's abilities submenu | 6 | |
| Right click | 527 | |
| Select / deselect | 164 | |
| Select group hotkey | 44 | |
| Use ability | 32 | |
870 total
» units
| Acolyte | 7 | |
| Ghoul | 3 | |
| Crypt Fiend | 8 | |
| Frost Wyrm | 4 | |
22 total
» upgrades
| Web | 1 | |
| Creature Attack | 3 | |
| Freezing Breath | 1 | |
| Creature Carapace | 1 | |
6 total
» buildings
| Graveyard | 1 | |
| Crypt | 1 | |
| Ziggurat | 8 | |
| Altar of Darkness | 1 | |
| Tomb of Relics | 1 | |
| Halls of the Dead | 1 | |
| Nerubian Tower | 2 | |
| Black Citadel | 1 | |
| Sacrificial Pit | 1 | |
| Necropolis | 1 | |
| Boneyard | 2 | |
| Spirit Tower | 1 | |
21 total
» build order
00:10 Graveyard
00:13 Crypt
00:43 Ziggurat
01:03 Altar of Darkness
01:42 Tomb of Relics
02:18 Ziggurat
04:23 Halls of the Dead
04:39 Nerubian Tower
05:18 Ziggurat
06:59 Black Citadel
07:06 Ziggurat
08:09 Sacrificial Pit
08:13 Ziggurat
09:01 Necropolis
09:26 Boneyard
09:27 Boneyard
11:46 Ziggurat
12:48 Ziggurat
12:50 Ziggurat
15:41 Spirit Tower
15:42 Nerubian Tower
» items
| Rod of Necromancy | 1 | |
| Potion of Healing | 1 | |
2 total
TOWER-IDIOT (
green | 57 APM | 1511 actions | 26:26)
5 Blademaster
3 Wind Walk
2 Critical Strike
» actions
| Assign group hotkey | 89 | |
| Basic commands | 1 | |
| Build / train | 65 | |
| Enter build submenu | 57 | |
| Enter hero's abilities submenu | 5 | |
| Remove unit from queue | 1 | |
| Right click | 486 | |
| Select / deselect | 164 | |
| Select group hotkey | 438 | |
| Use ability | 205 | |
1511 total
» units
» upgrades
| Spiked Barricades | 1 | |
| Reinforced Defenses | 1 | |
2 total
» buildings
| Altar of Storms | 1 | |
| Orc Burrow | 6 | |
| War Mill | 2 | |
| Watch Tower | 70 | |
| Voodoo Lounge | 3 | |
| Stronghold | 1 | |
| Great Hall | 1 | |
| Fortress | 1 | |
| Beastiary | 3 | |
88 total
» build order
00:09 Altar of Storms
00:19 Orc Burrow
00:55 War Mill
01:28 Orc Burrow
01:32 Orc Burrow
02:12 Watch Tower
02:17 Watch Tower
03:08 Watch Tower
03:10 Watch Tower
03:15 Watch Tower
03:50 Watch Tower
03:51 Watch Tower
04:04 Voodoo Lounge
05:22 Watch Tower
05:23 Watch Tower
05:25 Watch Tower
05:26 Watch Tower
05:27 Watch Tower
05:28 Watch Tower
05:40 Watch Tower
05:41 Watch Tower
05:42 Watch Tower
05:42 Watch Tower
06:29 Watch Tower
06:31 Watch Tower
06:55 Stronghold
08:13 Great Hall
09:10 Watch Tower
09:11 Watch Tower
09:12 Watch Tower
09:27 Watch Tower
09:29 Watch Tower
09:39 War Mill
09:43 Watch Tower
09:50 Voodoo Lounge
10:36 Watch Tower
10:36 Watch Tower
10:51 Watch Tower
11:09 Watch Tower
11:12 Watch Tower
11:40 Watch Tower
11:41 Watch Tower
11:58 Orc Burrow
12:18 Watch Tower
12:19 Watch Tower
12:46 Watch Tower
12:58 Fortress
14:18 Watch Tower
14:18 Watch Tower
14:18 Watch Tower
14:19 Watch Tower
14:19 Watch Tower
14:20 Watch Tower
14:21 Watch Tower
14:22 Watch Tower
14:24 Watch Tower
14:26 Watch Tower
14:31 Watch Tower
14:31 Watch Tower
14:32 Watch Tower
15:45 Watch Tower
15:45 Watch Tower
15:46 Watch Tower
15:46 Watch Tower
15:55 Watch Tower
16:01 Voodoo Lounge
16:08 Watch Tower
16:12 Watch Tower
16:25 Watch Tower
16:27 Watch Tower
16:52 Watch Tower
17:16 Watch Tower
17:18 Watch Tower
17:28 Watch Tower
17:58 Watch Tower
17:58 Watch Tower
18:06 Watch Tower
18:10 Watch Tower
18:36 Watch Tower
18:37 Watch Tower
19:19 Watch Tower
19:19 Watch Tower
19:28 Watch Tower
21:50 Beastiary
21:51 Beastiary
21:53 Beastiary
22:28 Orc Burrow
22:31 Orc Burrow
» items
| Staff of Teleportation | 1 | |
| Orb of Lightning | 1 | |
| Potion of Mana | 1 | |
3 total
team 2 (loser)

»
masterA (
purple | 31 APM | 810 actions | 26:24)
2 Warden
1 Fan of Knives
1 Blink
» actions
| Assign group hotkey | 12 | |
| Build / train | 40 | |
| Enter build submenu | 15 | |
| Enter hero's abilities submenu | 2 | |
| Give item / drop item | 1 | |
| Remove unit from queue | 1 | |
| Right click | 422 | |
| Select / deselect | 128 | |
| Select group hotkey | 168 | |
| Use ability | 21 | |
810 total
» units
» upgrades
| Strength of the Wild | 3 | |
| Reinforced Hides | 3 | |
| Well Spring | 1 | |
| Corrosive Breath | 1 | |
8 total
» buildings
| Moon Well | 6 | |
| Altar of Elders | 1 | |
| Tree of Ages | 1 | |
| Hunter's Hall | 1 | |
| Tree of Eternity | 1 | |
| Ancient of Wind | 1 | |
| Chimaera Roost | 3 | |
| Ancient of Wonders | 1 | |
15 total
» build order
00:26 Moon Well
01:23 Altar of Elders
02:14 Tree of Ages
02:40 Moon Well
03:27 Moon Well
03:38 Hunter's Hall
04:24 Moon Well
04:36 Tree of Eternity
05:33 Ancient of Wind
07:12 Chimaera Roost
07:15 Chimaera Roost
07:20 Chimaera Roost
07:42 Ancient of Wonders
08:01 Moon Well
12:55 Moon Well
» items
Makazradon (
yellow | 87 APM | 2257 actions | 26:04)
5 Blademaster
3 Wind Walk
2 Critical Strike
4 Shadow Hunter
2 Hex
2 Healing Wave
4 Tauren Chieftain
2 Endurance Aura
2 War Stomp
» actions
| Assign group hotkey | 37 | |
| Basic commands | 15 | |
| Build / train | 79 | |
| Enter build submenu | 30 | |
| Enter hero's abilities submenu | 13 | |
| Give item / drop item | 3 | |
| Remove unit from queue | 4 | |
| Right click | 1240 | |
| Select / deselect | 299 | |
| Select group hotkey | 418 | |
| Use ability | 118 | |
2257 total
» units
| Peon | 8 | |
| Grunt | 4 | |
| Goblin Shredder | 1 | |
| Wind Rider | 7 | |
| Troll Batrider | 16 | |
36 total
» upgrades
| Ranged Weapons | 3 | |
| Reinforced Defenses | 1 | |
| Envenomed Spears | 1 | |
| Liquid Fire | 1 | |
| Armor | 3 | |
| Spiked Barricades | 1 | |
10 total
» buildings
| Altar of Storms | 1 | |
| Orc Burrow | 8 | |
| Barracks | 1 | |
| Voodoo Lounge | 1 | |
| War Mill | 2 | |
| Stronghold | 1 | |
| Great Hall | 1 | |
| Fortress | 1 | |
| Watch Tower | 27 | |
| Beastiary | 2 | |
45 total
» build order
00:11 Altar of Storms
00:17 Orc Burrow
00:41 Barracks
01:37 Orc Burrow
02:29 Voodoo Lounge
03:54 War Mill
03:58 Stronghold
05:18 Great Hall
05:28 Orc Burrow
05:33 Orc Burrow
07:11 Fortress
07:41 Watch Tower
07:43 Watch Tower
07:45 Watch Tower
07:47 Watch Tower
07:52 Watch Tower
07:55 Watch Tower
07:57 Watch Tower
08:17 Beastiary
09:04 Beastiary
09:20 Watch Tower
09:22 Watch Tower
11:44 War Mill
12:55 Orc Burrow
12:56 Orc Burrow
12:57 Orc Burrow
12:58 Orc Burrow
21:03 Watch Tower
21:03 Watch Tower
21:04 Watch Tower
21:06 Watch Tower
21:06 Watch Tower
21:07 Watch Tower
21:08 Watch Tower
21:09 Watch Tower
21:13 Watch Tower
21:15 Watch Tower
21:17 Watch Tower
21:18 Watch Tower
21:19 Watch Tower
23:05 Watch Tower
23:06 Watch Tower
23:08 Watch Tower
23:11 Watch Tower
23:11 Watch Tower
» items
| Healing Salve | 3 | |
| Lesser Clarity Potion | 2 | |
| Orb of Lightning | 1 | |
| Orb of Venom | 1 | |
| Scroll of Town Portal | 1 | |
| Periapt of Vitality | 1 | |
9 total

»
IWiN3vs3allTiMe (
red | 69 APM | 1763 actions | 25:31)
5 Blademaster
3 Wind Walk
2 Critical Strike
4 Shadow Hunter
2 Hex
2 Healing Wave
» actions
| Assign group hotkey | 31 | |
| Build / train | 70 | |
| Enter build submenu | 17 | |
| Enter hero's abilities submenu | 9 | |
| Give item / drop item | 3 | |
| Remove unit from queue | 1 | |
| Right click | 574 | |
| Select / deselect | 419 | |
| Select group hotkey | 556 | |
| Use ability | 82 | |
1763 total
» units
| Peon | 14 | |
| Grunt | 4 | |
| Tauren | 16 | |
| Troll Witch Doctor | 4 | |
| Spirit Walker | 3 | |
41 total
» upgrades
| Pulverize | 1 | |
| Witch Doctor Training | 2 | |
| Melee Weapons | 2 | |
| Spirit Walker Training | 2 | |
7 total
» buildings
| Altar of Storms | 2 | |
| Orc Burrow | 9 | |
| Barracks | 1 | |
| Voodoo Lounge | 1 | |
| Stronghold | 1 | |
| War Mill | 1 | |
| Watch Tower | 1 | |
| Fortress | 1 | |
| Great Hall | 1 | |
| Spirit Lodge | 1 | |
| Tauren Totem | 2 | |
21 total
» build order
00:05 Altar of Storms
00:08 Orc Burrow
00:54 Barracks
01:29 Orc Burrow
02:02 Voodoo Lounge
02:54 Stronghold
03:55 War Mill
04:54 Orc Burrow
04:55 Orc Burrow
05:10 Watch Tower
05:47 Fortress
06:03 Great Hall
07:19 Spirit Lodge
08:08 Tauren Totem
08:10 Tauren Totem
08:19 Orc Burrow
11:38 Orc Burrow
13:24 Orc Burrow
13:24 Orc Burrow
24:43 Altar of Storms
24:46 Orc Burrow
» items
| Healing Salve | 3 | |
| Scroll of Speed | 1 | |
| Lesser Clarity Potion | 1 | |
| Scroll of Town Portal | 1 | |
| Orb of Lightning | 1 | |
| Potion of Healing | 1 | |
8 total
r00t (
orange | 41 APM | 1018 actions | 24:56)
5 Demon Hunter
3 Evasion
2 Mana Burn
3 Priestess of the Moon
2 Trueshot Aura
1 Searing Arrows
» actions
| Assign group hotkey | 20 | |
| Basic commands | 107 | |
| Build / train | 86 | |
| Enter build submenu | 20 | |
| Enter hero's abilities submenu | 8 | |
| Give item / drop item | 2 | |
| Right click | 232 | |
| Select / deselect | 267 | |
| Select group hotkey | 208 | |
| Use ability | 68 | |
1018 total
» units
| Wisp | 18 | |
| Archer | 4 | |
| Huntress | 1 | |
| Druid of the Talon | 1 | |
| Faerie Dragon | 4 | |
| Dryad | 9 | |
| Hippogryph | 9 | |
| Chimaera | 3 | |
| Glaive Thrower | 1 | |
50 total
» upgrades
| Strength of the Wild | 3 | |
| Ultravision | 1 | |
| Reinforced Hides | 3 | |
| Nature's Blessing | 1 | |
| Abolish Magic | 1 | |
| Corrosive Breath | 1 | |
| Vorpal Blades | 1 | |
| Well Spring | 1 | |
| Backpack | 1 | |
13 total
» buildings
| Moon Well | 9 | |
| Altar of Elders | 2 | |
| Ancient of War | 1 | |
| Ancient of Wonders | 1 | |
| Hunter's Hall | 1 | |
| Tree of Ages | 1 | |
| Tree of Life | 1 | |
| Ancient of Lore | 1 | |
| Ancient of Wind | 1 | |
| Tree of Eternity | 1 | |
| Chimaera Roost | 2 | |
21 total
» build order
00:08 Moon Well
00:10 Altar of Elders
00:45 Ancient of War
01:33 Moon Well
02:14 Ancient of Wonders
02:52 Hunter's Hall
03:09 Moon Well
03:57 Tree of Ages
07:18 Tree of Life
07:23 Ancient of Lore
07:27 Ancient of Wind
07:49 Tree of Eternity
08:44 Moon Well
12:04 Chimaera Roost
12:05 Chimaera Roost
12:09 Moon Well
18:48 Moon Well
18:49 Moon Well
18:52 Moon Well
19:19 Moon Well
22:24 Altar of Elders
» items
| Healing Salve | 3 | |
| Orb of Lightning | 1 | |
| Potion of Healing | 1 | |
| Scroll of Town Portal | 2 | |
| Staff of Preservation | 1 | |
8 total
Chat log
(00:26 / Allies) DJtest1: archers hippos chimes
(00:32 / All) TOWER-IDIOT: wtf i dont remember this map
(00:52 / Allies) DJtest1: its old
(00:53 / Allies) Noobytoe: there is new maps
(01:19 / Allies) DJtest1: so rush n ???
(01:26 / Allies) Noobytoe: no
(01:52 / Allies) Noobytoe: actually idc
(05:02 / Allies) PayWith_URsweat: .... nice steal
(07:03 / Allies) DJtest1: expo
(07:28 / Allies) Noobytoe: sigh
(07:34 / Allies) Noobytoe: the guy goign wyrms doesnt get an xpo
(07:35 / Allies) Noobytoe: nice
(07:47 / Allies) DJtest1: take
(07:48 / Allies) Noobytoe:
(08:06 / Allies) TOWER-IDIOT: because allies can't give resources huh
(09:03 / Allies) DJtest1: wood plz
(11:06 / Allies) Noobytoe: u guys know were fucked right
(11:07 / Allies) Noobytoe: lol
(11:18 / Allies) TOWER-IDIOT: settle down blue
(11:35 / Allies) PayWith_URsweat: wood
(13:02 / Allies) Noobytoe: gold plz ghreen
(13:26 / Allies) PayWith_URsweat: upgrade ur d green
(13:30 / Allies) TOWER-IDIOT: be a good good boy blue and defend the last choke
(15:26 / Allies) DJtest1: gold plz
(15:48 / Allies) DJtest1: green golsd plz
(16:15 / Allies) DJtest1: 3k green gold plz
(16:18 / All) TOWER-IDIOT: leave ladies, you will feel our wrath!!!
(16:20 / Allies) Noobytoe: yeah green
(16:21 / Allies) Noobytoe: comon
(16:45 / Allies) DJtest1: fast plz green
(17:09 / Allies) PayWith_URsweat: b
(17:10 / Allies) PayWith_URsweat: b
(17:10 / All) r00t: loser says what?
(17:14 / All) Noobytoe: like why
(17:18 / All) Noobytoe: do people like green exist
(17:20 / All) Noobytoe: On this planet
(17:26 / All) Noobytoe: such a waste of a species
(17:29 / All) Makazradon: so we have someone to make fun of
(17:32 / All) TOWER-IDIOT: u mad!1
(17:36 / All) Noobytoe: gg
(17:48 / All) TOWER-IDIOT: i used to have a level 14 account, clear proof i know what im doing
(17:56 / Allies) PayWith_URsweat: we got em
(17:58 / All) IWiN3vs3allTiMe: Lol
(17:59 / All) r00t: lol
(18:01 / All) Makazradon: lvl 14 lol
(18:02 / All) Makazradon: the fuck
(18:03 / All) IWiN3vs3allTiMe: ur funny green
(19:54 / All) Makazradon: dumbass
(20:05 / All) r00t: nah, he was lvl 14 once, remember
(20:07 / All) r00t: he knows
(20:17 / All) Makazradon: i forgot
(20:20 / All) Makazradon: sorry master
(20:25 / All) r00t: 14 = boss
(20:33 / All) Makazradon: rank 1 material
(22:13 / All) TOWER-IDIOT: out lolz
(24:47 / All) PayWith_URsweat: gt ladies
(24:55 / All) r00t: bravo
(24:58 / All) TOWER-IDIOT: lawl
(25:24 / All) TOWER-IDIOT: out yellow
(25:25 / All) TOWER-IDIOT: OUT